 Dungeon Crawl Stone Soup version 0.31-a0-188-g5e087ee2ca (webtiles) character file.

Game seed: 9293730952935121273

710 qw the Skirmisher (level 7, -1/40 HPs)
             Began as a Deep Elf Hunter on June 23, 2023.
             Was a Follower of Okawaru.
             Slain by a yak (12 damage)
             ... on level 5 of the Dungeon.
             The game lasted 00:01:27 (3648 turns).

qw the Skirmisher (Deep Elf Hunter)                 Turns: 3648, Time: 00:01:27

Health: -1/40      AC: 10    Str: 10    XL:     7   Next: 40%
Magic:  7/10       EV: 20    Int: 14    God:    Okawaru [*.....]
Gold:   237        SH:  0    Dex: 18    Spells: 6/6 levels left

rFire   . . .        Y - +0 shortbow
rCold   . . .        (shield currently unavailable)
rNeg    . . .        e - +0 ring mail
rPois   .            (no helmet)
rElec   .            h - +0 cloak
rCorr   .            d - +0 pair of gloves
SInv    .            i - +0 pair of boots
Will    .....        g - amulet of regeneration
Stlth   +++          n - +5 ring of evasion
HPRegen 1.06/turn    (no ring)
MPRegen 0.12/turn

%: no passive effects
@: about to teleport, heroic
A: no striking features
a: Renounce Religion, Heroism


You were on level 5 of the Dungeon.
You worshipped Okawaru.
Okawaru was aware of your devotion.
You visited 2 branches of the dungeon, and saw 6 of its levels.

You collected 237 gold pieces.


   Skills:
 - Level 2.2(7.2) Fighting
 + Level 10.3(15.3) Ranged Weapons
 - Level 1.0(6.0) Armour
 - Level 4.3(9.3) Dodging
 - Level 1.2(6.2) Stealth
 + Level 2.0 Invocations


You had 6 spell levels left.
You didn't know any spells.
Your spell library was empty.

Inventory:

Hand Weapons
 Y - a +0 shortbow (weapon)
Armour
 d - a +0 pair of gloves (worn)
 e - a +0 ring mail (worn)
 h - a +0 cloak (worn)
 i - a +0 pair of boots (worn)
Jewellery
 g - an amulet of regeneration (around neck)
 n - a +5 ring of evasion (left hand)
Scrolls
 q - 3 scrolls of identify
Potions
 a - a potion of mutation
 b - a potion of resistance
 c - a potion of magic {unknown}
 f - a potion of curing {unknown}
 j - a potion of haste
 k - a potion of invisibility {unknown}
 m - a potion of berserk rage {unknown}
 o - a potion of enlightenment {unknown}
 p - a potion of brilliance {unknown}
 r - a potion of degeneration {unknown}
 s - a potion of lignification {unknown}

Dungeon Overview and Level Annotations

Branches:
Dungeon (5/15)             Temple (1/1) D:4

Altars:
Ashenzari
Cheibriados
Fedhas
Gozag
Hepliaklqana
Kikubaaqudgha
Makhleb
Nemelex Xobeh
Okawaru
Qazlal
Ru
Uskayaw
Vehumet
Xom

Shops:
D:1 *


Message History

You shoot an arrow. The arrow hits the yak.
The yak is almost dead.
The yak barely misses you. The yak gores you.
You shoot an arrow. The arrow hits the yak.
The yak is almost dead.
The yak barely misses you. The yak misses you.
You shoot an arrow.
The arrow hits the yak but does no damage.
The yak is almost dead.
The yak gores you! x2
3641 ||| INVOKING Heroism.
You gain the combat prowess of a mighty hero.
The yak completely misses you. The yak closely misses you.
You shoot an arrow. The arrow hits the yak.
The yak is almost dead.
The yak gores you. The yak completely misses you.
You shoot an arrow.
The arrow hits the yak but does no damage.
The yak is almost dead.
The yak misses you. The yak closely misses you.
You shoot an arrow. The arrow hits the yak!
You kill the yak!
Okawaru is honoured by your kill. The yak gores you!
Your Invocations skill gained 2 levels and is now at level 2!
3645 ||| READING scroll of teleportation.
As you read the scroll of teleportation, it crumbles to dust.
You feel strangely unstable. The yak gores you.
You shoot an arrow. The arrow hits the yak!
The yak is moderately wounded.
You shoot an arrow.
The arrow hits the yak but does no damage.
The yak is moderately wounded.
The yak gores you but does no damage.
You shoot an arrow.
The arrow hits the yak but does no damage.
The yak is moderately wounded.
The yak gores you!
You die...

### '## # #.. ... # #.##..# ...
# .# #..'..'###'###' .+ #.
#..#.+...+.#..#
#..#..#.#...#.#..
#..+##'.#._.#.Y##+
#.##..#.#...#@#..#
#.##..#.'...+.#..#
#..'..+###'###'..+
#..#..#.......#..# #########
#..#..#.......#..# #.......#
####..###+###'###'#### #.......#
................))##.# #.......#
###............).#...###.......#
#............))#.#.##........#


You could see a yak.

Vanquished Creatures
  2 yaks (D:5)
  A kobold brigand (D:5)
  2 scorpions
  A hound (D:5)
  A jelly (D:5)
  An iguana (D:5)
  An orc wizard (D:5)
  5 adders
  2 ufetubi (D:5)
  3 worms
  2 dart slugs
  3 orcs (D:5)
  4 bats
  7 endoplasms
  7 goblins
  8 hobgoblins
  3 jackals (D:5)
  7 kobolds
  3 quokkas
  A ball python (D:1)
  2 frilled lizards
  8 rats
74 creatures vanquished.

Vanquished Creatures (others)
  A human (D:5)
1 creature vanquished.

Grand Total: 75 creatures vanquished

Notes
Turn   | Place    | Note
-------+----------+-------------------------------------------
     0 | D:1      | qw the Deep Elf Hunter began the quest for the Orb.
     0 | D:1      | Reached XP level 1. HP: 12/12 MP: 3/3
     0 | D:1      | 0 ||| qw: Version: 0.3-a-9-g12657ce
     0 | D:1      | 0 ||| qw: Game counter: 3220
     0 | D:1      | 0 ||| qw: Always use a shield: true
     0 | D:1      | 0 ||| qw: God list: Okawaru
     0 | D:1      | 0 ||| qw: Allow faded altars: false
     0 | D:1      | 0 ||| qw: Do Orc after D:15 true
     0 | D:1      | 0 ||| qw: Do second Lair branch before Depths: true
     0 | D:1      | 0 ||| qw: Lair rune preference: random
     0 | D:1      | 0 ||| qw: Plans: Normal
     0 | D:1      | 0 ||| PLANNING D:1-11
    59 | D:1      | Reached XP level 2. HP: 16/16 MP: 4/4
    61 | D:1      | Reached skill level 6 in Ranged Weapons
   127 | D:1      | 127 ||| FLEEEEING.
   252 | D:1      | Found Qeas's General Store.
   269 | D:1      | 269 ||| SHOPLISTING +1 pair of gloves of stealth (231 gold,
                  | have 28).
   269 | D:1      | 269 ||| SHOPLISTING 2 potions of might (112 gold, have 28).
   592 | D:1      | 592 ||| UPGRADING to +0 ring mail.
   602 | D:1      | 602 ||| DROPPING +0 leather armour.
   603 | D:1      | 603 ||| UPGRADING to +0 pair of boots.
   608 | D:1      | 608 ||| UPGRADING to amulet of regeneration.
   613 | D:1      | 613 ||| READING scroll labelled POCODUYMAE.
   616 | D:1      | 616 ||| READING scroll labelled TALEMYRCHIXATH.
   617 | D:1      | 617 ||| DROPPING scroll of butterflies.
   652 | D:2      | 652 ||| STAIRDANCE
   657 | D:1      | Reached XP level 3. HP: 8/20 MP: 5/5
   732 | D:2      | Reached skill level 7 in Ranged Weapons
  1407 | D:2      | 1407 ||| UPGRADING to +0 pair of gloves.
  1412 | D:2      | 1412 ||| UPGRADING to +0 cloak.
  1417 | D:2      | 1417 ||| READING scroll labelled ONEIMYIPLE.
  1418 | D:2      | 1418 ||| DRINKING 2 bubbling puce potions.
  1420 | D:2      | 1420 ||| Stepping ~*~*~tactically~*~*~ (cloud).
  1426 | D:2      | HP: 5/20 [poisoned by you (poison gas)]
  1433 | D:2      | HP: 5/20 [poisoned by you (poison gas)]
  1670 | D:3      | Found a radiant altar of Vehumet.
  1861 | D:3      | Found a faded altar of an unknown god.
  1890 | D:3      | 1890 ||| FLEEEEING.
  1953 | D:3      | Reached XP level 4. HP: 25/25 MP: 6/6
  2416 | D:3      | 2416 ||| UPGRADING to +5 ring of evasion.
  2417 | D:3      | 2417 ||| READING scroll labelled PEATOMM PEUCHI.
  2418 | D:3      | 2418 ||| READING 3 scrolls labelled CEITEF HAECO.
  2419 | D:3      | 2419 ||| READING 2 scrolls of identify.
  2419 | D:3      | 2419 ||| IDENTIFYING cyan potion
  2471 | D:4      | Found a staircase to the Ecumenical Temple.
  2472 | D:4      | 2472 ||| PLANNING TEMPLE
  2472 | D:4      | 2472 ||| READING scroll labelled MUWAITHRUITA.
  2473 | D:4      | 2473 ||| READING scroll labelled YTAOMENTECUI.
  2479 | D:4      | Noticed a scorpion
  2497 | D:4      | HP: 5/25 [poisoned by a scorpion]
  2498 | D:4      | 2498 ||| READING scroll of teleportation.
  2499 | D:4      | Killed a scorpion
  2499 | D:4      | HP: 2/25 [poisoned by a scorpion]
  2500 | D:4      | Reached skill level 8 in Ranged Weapons
  2500 | D:4      | Reached XP level 5. HP: 3/29 MP: 7/7
  2504 | D:4      | HP: 3/29 [poisoned by a scorpion]
  2555 | Temple   | Entered the Ecumenical Temple
  2587 | Temple   | 2587 ||| PLANNING OKAWARU WORSHIP
  2746 | Temple   | Became a worshipper of Warmaster Okawaru
  2747 | Temple   | 2747 ||| PLANNING D:1-11
  3174 | D:4      | 3174 ||| READING scroll labelled EWEKINIZXE.
  3175 | D:4      | 3175 ||| DRINKING 2 fizzy yellow potions.
  3180 | D:4      | 3180 ||| READING 3 scrolls of identify.
  3180 | D:4      | 3180 ||| IDENTIFYING lumpy green potion
  3181 | D:4      | 3181 ||| READING 2 scrolls of identify.
  3181 | D:4      | 3181 ||| IDENTIFYING clear potion
  3182 | D:4      | 3182 ||| DROPPING potion of attraction.
  3183 | D:4      | 3183 ||| DROPPING potion of ambrosia.
  3211 | D:5      | Entered Level 5 of the Dungeon
  3253 | D:5      | Reached skill level 1 in Armour
  3282 | D:5      | Reached skill level 9 in Ranged Weapons
  3309 | D:5      | Identified the +8 whip of Taz Teuc {heavy, rF++}
  3363 | D:5      | Found a shimmering altar of Xom.
  3380 | D:5      | Reached XP level 6. HP: 35/35 MP: 8/8
  3403 | D:5      | 3403 ||| Stepping ~*~*~tactically~*~*~ (outnumbered).
  3404 | D:5      | 3404 ||| Stepping ~*~*~tactically~*~*~ (outnumbered).
  3426 | D:5      | Reached skill level 10 in Ranged Weapons
  3536 | D:5      | Found an ancient bone altar of Kikubaaqudgha.
  3539 | D:5      | Noticed a human
  3541 | D:5      | Killed a human
  3616 | D:5      | Noticed a yak
  3616 | D:5      | Noticed a yak
  3617 | D:5      | Noticed a yak
  3632 | D:5      | Killed a yak
  3632 | D:5      | Reached * piety under Okawaru
  3633 | D:5      | Reached XP level 7. HP: 38/40 MP: 9/9
  3641 | D:5      | 3641 ||| INVOKING Heroism.
  3644 | D:5      | Killed a yak
  3644 | D:5      | HP: 8/40 [yak (11)]
  3645 | D:5      | 3645 ||| READING scroll of teleportation.
  3648 | D:5      | Slain by a yak

Levels and vault maps discovered:
D:1:      minmay_arrival_jagged, layout_rooms, serial_shops, shop_fountains,
          grunt_decor_mini_mirrors
D:2:      layout_basic
D:3:      layout_loops_corners, mainiacjoe_overflow_boulevard,
          shapermc_ecumenical_altar_totnotflames, minmay_misc_feat_nine_boxes,
          minmay_misc_feat_enclosed, amcnicky_mini_pool_small
D:4:      layout_cave_pools, minmay_temple_entry_glass, serial_bayou_pond_a,
          minmay_misc_feat_rows
D:5:      layout_rooms, tgw_kikubaaqudgha, mainiacjoe_overflow_24_doors,
          minmay_misc_feat_tower
Temple:   bh_familiar_temple

Skill      XL: |  1  2  3  4  5  6  7 |
---------------+----------------------+-----
Ranged Weapons | 6 7 8 9 10 | 10.3
Armour         | 1 |  1.0
Fighting       | 2 |  2.2
Dodging        | 4 |  4.3
Invocations    | 2 |  2.0
Stealth        | |  1.2

Action                     |  1- 3 |  4- 6 |  7- 9 || total
---------------------------+-------+-------+-------++-------
   Fire: Shortbow          |    97 |   176 |    14 ||   287
 Invoke: Heroism           |       |       |     1 ||     1
    Use: Scroll            |     3 |     9 |     1 ||    13
         Potion            |     1 |     1 |       ||     2
 Armour: Leather armour    |     1 |       |       ||     1
         Ring mail         |     6 |    41 |     2 ||    49
  Dodge: Dodged            |    18 |   123 |    15 ||   156

Table legend:
 A = Non-vault XP
 B = Vault XP
 C = Vault XP percentage of total XP
 D = Non-vault monster count
 E = Vault monster count
 F = Vault count percentage of total count
                 A         B        C        D         E       F
            +---------+---------+-------+---------+---------+-------
      Total |    1015 |       0 |   0.0 |      74 |       0 |   0.0
            +---------+---------+-------+---------+---------+-------
        D:1 |      52 |       0 |   0.0 |      22 |       0 |   0.0
        D:2 |      26 |       0 |   0.0 |       9 |       0 |   0.0
        D:3 |      62 |       0 |   0.0 |      14 |       0 |   0.0
        D:4 |     103 |       0 |   0.0 |       8 |       0 |   0.0
        D:5 |     772 |       0 |   0.0 |      21 |       0 |   0.0
            +---------+---------+-------+---------+---------+-------
